[Event "4th Memorial Warakomska-B 2020"]
[Site "Suwalki"]
[Date "2020.08.07"]
[Round "2.9"]
[White "Borowik, Karol"]
[Black "Kaminski, Maciej"]
[Result "0-1"]
[ECO "E92"]
[WhiteElo "1426"]
[BlackElo "1869"]
[Annotator "NA"]
[PlyCount "78"]
[EventDate "2020.08.06"]
[EventType "swiss"]
[EventCountry "POL"]
[SourceTitle "playchess.com"]
[Source "ChessBase"]
[SourceQuality "1"]
[TimeControl "40/5400+30:1800+30"]

1. d4 Nf6 2. Nf3 g6 3. c4 Bg7 4. Nc3 O-O 5. e4 d6 6. Be2 e5 7. d5 a5 8. O-O h6 {[%emt 0:02:47] E92: King's Indian: Classical: 6 Be2 e5: 7 dxe5, 7 Be3 and Petrosian System without 7...Nbd7.} 9. Ne1 Na6 10. Be3 Bd7 11. a3 b6 12. Nd3 Nc5 {[%emt 0:02:45] [#]} 13. Bxc5 $146 (13. Nxc5 $14 bxc5 14. Qd2) ({Predecessor:} 13. f3 Ne8 14. b4 axb4 15. axb4 Rxa1 16. Qxa1 Nb3 17. Qb2 Nd4 18. c5 f5 19. Rd1 {1-0 (42) Antonova,N (2011)-Faqeeh,A (1599) Al Ain 2015}) 13... bxc5 14. b4 axb4 15. axb4 cxb4 16. Nxb4 Rxa1 17. Qxa1 Ne8 18. Qa6 Qg5 19. Qa2 f5 20. Nd3 ({White should play} 20. Na6 $11) 20... fxe4 21. Nxe4 Qh4 22. f3 Bf5 23. Ndf2 Bxe4 24. Nxe4 Nf6 25. Bd3 Qf4 26. Qd2 Nd7 27. Qxf4 (27. Qe2 $14) 27... exf4 28. Rb1 Bd4+ 29. Kf1 Ne5 30. Be2 Ra8 31. Nf6+ Kg7 32. Ng4 Nxg4 33. fxg4 $17 Kf6 34. h3 Ra2 35. Bd3 Rf2+ 36. Ke1 Rxg2 37. Bf1 Bc3+ 38. Kd1 Rf2 39. Be2 f3 0-1

[Event "4th Memorial Warakomska-B 2020"]
[Site "Suwalki"]
[Date "2020.08.07"]
[Round "2.10"]
[White "Milewski, Karol"]
[Black "Stefaniuk, Zbigniew"]
[Result "0-1"]
[ECO "A53"]
[WhiteElo "1795"]
[BlackElo "1538"]
[Annotator "NA"]
[PlyCount "84"]
[EventDate "2020.08.06"]
[EventType "swiss"]
[EventCountry "POL"]
[SourceTitle "playchess.com"]
[Source "ChessBase"]
[SourceQuality "1"]
[TimeControl "40/5400+30:1800+30"]

1. d4 Nf6 2. c4 d6 3. Nc3 e5 4. dxe5 dxe5 5. Qxd8+ Kxd8 6. Nf3 Nbd7 7. g3 c6 8. Bg2 Bb4 9. O-O Bxc3 10. bxc3 h6 11. Rd1 Kc7 12. Ba3 Ne4 13. Nxe5 Nxe5 14. Bxe4 Nxc4 15. Bc5 Be6 16. Bd4 f6 17. Bg2 Rhd8 18. f3 Rd7 19. Bf2 Rad8 20. Rd4 b6 21. a4 c5 22. Rxd7+ Rxd7 23. a5 Rd2 24. axb6+ Kxb6 25. Kf1 a5 26. Ke1 Rc2 27. Kd1 Bf5 28. Bf1 Nb2+ 29. Ke1 a4 30. Be3 Rxc3 31. Bd2 Rb3 32. g4 Be6 33. Bc1 a3 34. Kd2 Nc4+ 35. Kc2 Ne3+ 36. Bxe3 Rxe3 37. Kd2 Rb3 38. Kc2 Bc4 39. e4 Rb2+ 40. Kc3 Bxf1 41. Rxf1 Rxh2 42. Ra1 Rf2 0-1

[Event "4th Memorial Warakomska-B 2020"]
[Site "Suwalki"]
[Date "2020.08.07"]
[Round "2.11"]
[White "Pieczulis, Hubert"]
[Black "Milanowski, Jan"]
[Result "1/2-1/2"]
[ECO "D02"]
[WhiteElo "1486"]
[BlackElo "1787"]
[Annotator "NA"]
[PlyCount "70"]
[EventDate "2020.08.06"]
[EventType "swiss"]
[EventCountry "POL"]
[SourceTitle "playchess.com"]
[Source "ChessBase"]
[SourceQuality "1"]
[TimeControl "40/5400+30:1800+30"]

1. Nf3 Nf6 2. d4 d5 3. Bf4 c6 4. e3 Nh5 5. Bg3 Nxg3 6. hxg3 Bf5 7. c4 e6 8. a3 h6 9. Nc3 Nd7 10. cxd5 cxd5 11. Bd3 Bxd3 12. Qxd3 a6 13. O-O Be7 14. Rac1 O-O 15. Rc2 Nb6 16. Nd2 Rc8 17. Rfc1 Qd7 18. Na2 Rxc2 19. Rxc2 Rc8 20. Rxc8+ Qxc8 21. Qc3 Qd7 22. Nb4 Na4 23. Qb3 Qb5 24. Nd3 Qxb3 25. Nxb3 b6 26. Kf1 Kf8 27. Ke2 Ke8 28. Kd2 Bd6 29. Kc2 Kd7 30. Nd2 b5 31. Nb3 Kc6 32. Na5+ Kc7 33. Nb3 Kc6 34. Na5+ Kc7 35. Nb3 Kc6 1/2-1/2

[Event "4th Memorial Warakomska-B 2020"]
[Site "Suwalki"]
[Date "2020.08.07"]
[Round "2.12"]
[White "Bancarewicz, Aleks"]
[Black "Harasimczuk, Jakub"]
[Result "1-0"]
[ECO "C78"]
[WhiteElo "1781"]
[BlackElo "1400"]
[Annotator "NA"]
[PlyCount "62"]
[EventDate "2020.08.06"]
[EventType "swiss"]
[EventCountry "POL"]
[SourceTitle "playchess.com"]
[Source "ChessBase"]
[SourceQuality "1"]
[TimeControl "40/5400+30:1800+30"]

1. e4 e5 2. Nf3 Nc6 3. Bb5 a6 4. Ba4 Nf6 5. O-O b5 6. Bb3 Bc5 7. a4 b4 8. c3 bxc3 9. bxc3 d6 10. d4 exd4 11. cxd4 Bb6 12. h3 h6 13. e5 dxe5 14. dxe5 Qxd1 15. Rxd1 Ng8 16. Ba3 Nge7 17. Nc3 Be6 18. Bxe6 fxe6 19. Ne4 Nd5 20. Rac1 Nd8 21. Nc5 Nf4 22. Rc4 g5 23. g3 Ng6 24. Nd7 Kf7 25. Nf6 Nxe5 26. Nxe5+ Kxf6 27. Bb2 Rf8 28. Nd7+ Kf7 29. Nxb6 cxb6 30. Rd7+ Ke8 31. Rh7 Rf7 1-0

[Event "4th Memorial Warakomska-B 2020"]
[Site "Suwalki"]
[Date "2020.08.07"]
[Round "2.13"]
[White "Kotarski, Bartosz"]
[Black "Szewczyk, Malwina"]
[Result "1-0"]
[ECO "B12"]
[WhiteElo "1742"]
[BlackElo "1323"]
[Annotator "NA RC"]
[PlyCount "55"]
[EventDate "2020.08.06"]
[EventType "swiss"]
[EventCountry "POL"]
[SourceTitle "playchess.com"]
[Source "ChessBase"]
[SourceQuality "1"]
[TimeControl "40/5400+30:1800+30"]

1. e4 c6 2. d4 d5 3. e5 Bf5 4. h4 h5 5. Be2 e6 6. Nc3 Be7 7. g3 Nd7 8. Bxh5 Bxc2 9. Bxf7+ Kxf7 10. Qxc2 g6 11. Nh3 Qb6 12. Nf4 Nf8 13. Be3 g5 14. Ng2 gxh4 15. Nxh4 Bxh4 16. gxh4 Nh6 17. O-O-O Nf5 18. h5 Qd8 19. Rdg1 Nh7 20. Kb1 b5 21. Ne2 Qd7 22. Nf4 Rhg8 23. Rg6 Rae8 24. Rxe6 Nxe3 25. Qxh7+ Rg7 26. Rf6+ Ke7 27. Qxg7+ Kd8 28. Rd6 1-0

[Event "4th Memorial Warakomska-B 2020"]
[Site "Suwalki"]
[Date "2020.08.07"]
[Round "2.14"]
[White "Peksa, Zuzanna"]
[Black "Ciszewski, Krzysztof"]
[Result "0-1"]
[ECO "B96"]
[WhiteElo "1146"]
[BlackElo "1728"]
[Annotator "NA"]
[PlyCount "58"]
[EventDate "2020.08.06"]
[EventType "swiss"]
[EventCountry "POL"]
[SourceTitle "playchess.com"]
[Source "ChessBase"]
[SourceQuality "1"]
[TimeControl "40/5400+30:1800+30"]

1. e4 c5 2. Nf3 d6 3. d4 cxd4 4. Nxd4 Nf6 5. Nc3 a6 6. Bg5 e6 7. f4 h6 8. Bh4 Qb6 9. Qd2 Qxb2 10. Rb1 Qa3 11. Rb3 Qa5 12. Be2 Be7 13. O-O Nxe4 14. Qe3 Nf6 15. Qg3 Rg8 16. Bxf6 Bxf6 17. Qe3 Qc5 18. Rd1 Nc6 19. Nf5 Qxf5 20. Nd5 Bd4 21. Rxd4 Nxd4 22. Nc7+ Kd7 23. Nxa8 Nxb3 24. Qxb3 Qc5+ 25. Kf1 Kc6 26. Qa4+ b5 27. Qa5 Kb7 28. a4 Bd7 29. axb5 Bxb5 0-1

[Event "4th Memorial Warakomska-B 2020"]
[Site "Suwalki"]
[Date "2020.08.06"]
[Round "2.34"]
[White "Palejko, Maria"]
[Black "Kaznowska, Kinga"]
[Result "1-0"]
[ECO "B06"]
[WhiteElo "1218"]
[BlackElo "1007"]
[Annotator "NA"]
[PlyCount "93"]
[EventDate "2020.08.06"]
[EventType "swiss"]
[EventCountry "POL"]
[SourceTitle "playchess.com"]
[Source "ChessBase"]
[SourceQuality "1"]
[TimeControl "40/5400+30:1800+30"]

1. e4 g6 2. d4 Bg7 3. Nc3 f6 4. Nf3 e5 5. Be3 Ne7 6. Bc4 b6 7. dxe5 fxe5 8. Nd5 c6 9. Nc3 Bb7 10. Bg5 h6 11. Qd6 hxg5 12. Nxg5 Qc8 13. Bf7+ Kf8 14. f4 Na6 15. Bxg6 Qc7 16. Nh7+ Rxh7 17. Qxc7 Nxc7 18. Bxh7 exf4 19. O-O Bxc3 20. bxc3 Kg7 21. Bf5 Nxf5 22. exf5 Kf6 23. Rxf4 Rg8 24. g3 Nd5 25. Rd4 b5 26. a4 Nxc3 27. Rxd7 Rg7 28. Rxg7 Kxg7 29. axb5 Nxb5 30. c4 Nd6 31. Rd1 Nf7 32. Rd7 Ba6 33. c5 Bb5 34. Rxa7 Kf6 35. g4 Ne5 36. h3 Nd3 37. h4 Nxc5 38. h5 Kg5 39. Rg7+ Kh6 40. Rg6+ Kh7 41. f6 Ne6 42. f7 Bc4 43. Rxe6 Bxe6 44. f8=Q Bg8 45. g5 Kh8 46. g6 c5 47. Qf6# 1-0

[Event "4th Memorial Warakomska-B 2020"]
[Site "Suwalki"]
[Date "2020.08.08"]
[Round "3.3"]
[White "Wolagiewicz, Kinga"]
[Black "Widelski, Kacper"]
[Result "1-0"]
[ECO "B27"]
[WhiteElo "1719"]
[BlackElo "1879"]
[Annotator "NA"]
[PlyCount "93"]
[EventDate "2020.08.06"]
[EventType "swiss"]
[EventCountry "POL"]
[SourceTitle "playchess.com"]
[Source "ChessBase"]
[SourceQuality "1"]
[TimeControl "40/5400+30:1800+30"]

1. e4 c5 2. Nf3 g6 3. d4 cxd4 4. Nxd4 Bg7 5. Nc3 Nc6 6. Nb3 Nf6 7. Be2 O-O 8. O-O d6 9. Bg5 a5 10. a4 Be6 11. Kh1 Rc8 12. f4 Nb4 13. Nd2 {[%emt 0:18:21] B70: Sicilian Dragon: 6 g3 and 6 Be2 (without a later Be3).} Rc5 {[%emt 0:11:51] [#]} 14. Bd3 $146 ({Predecessor:} 14. Bh4 Qc8 15. Ra3 Ng4 16. Rf3 Rh5 17. Bg3 d5 18. exd5 Nxd5 19. Nde4 Nde3 20. Qc1 Nf5 {½-½ (44) Demidov,M (2498)-Vorobiov,E (2590) Moscow 2014}) 14... Nxd3 15. cxd3 Ng4 {[%emt 0:01:10] [#]} 16. f5 $1 gxf5 17. h3 Nf6 18. Be3 Rc8 19. exf5 Bd5 20. Nde4 Bc6 21. Bd4 Kh8 22. Rf4 ({White should try} 22. Nxf6 $16 Bxf6 23. Bxf6+ exf6 24. d4) 22... e5 23. fxe6 $1 fxe6 24. Bxf6 Bxf6 25. Qh5 Bxc3 {[%emt 0:02:32] [#]} 26. Ng5 $1 Qxg5 $2 {[%emt 0:01:39] [#]} (26... Qd7 $11 27. Nf7+ Kg8 28. Nh6+ Kh8 29. Nf7+ Kg8 30. Nh6+ Kh8 31. Nf7+) 27. Rxf8+ $1 ({And not} 27. Qxg5 Rg8 $11) 27... Rxf8 28. Qxg5 Rg8 29. Qxg8+ $1 Kxg8 30. bxc3 Kf7 31. Kg1 Kf6 32. Kf2 Ke5 33. g3 Kd5 34. Ke3 Kc5 35. g4 e5 36. g5 Kd5 37. h4 Ke6 38. Rf1 Bxa4 39. Rf6+ Ke7 40. Rh6 Bc6 41. Rxh7+ Kf8 42. h5 Kg8 43. g6 a4 44. h6 a3 45. Rg7+ Kf8 46. Rf7+ Kg8 47. h7+ 1-0

[Event "4th Memorial Warakomska-B 2020"]
[Site "Suwalki"]
[Date "2020.08.08"]
[Round "3.4"]
[White "Kitewski, Bartosz"]
[Black "Wierzbicki, Michal"]
[Result "1-0"]
[ECO "E21"]
[WhiteElo "1718"]
[BlackElo "1849"]
[Annotator "NA RC"]
[PlyCount "169"]
[EventDate "2020.08.06"]
[EventType "swiss"]
[EventCountry "POL"]
[SourceTitle "playchess.com"]
[Source "ChessBase"]
[SourceQuality "1"]
[TimeControl "40/5400+30:1800+30"]

1. d4 Nf6 2. c4 e6 3. Nc3 Bb4 4. Nf3 b6 5. e3 Bb7 6. Bd3 Bxc3+ 7. bxc3 d6 8. O-O Nbd7 {[%emt 0:00:12] E43: Nimzo-Indian: Rubinstein: 4...b6.} 9. Re1 Ne4 10. Qc2 f5 11. Nd2 Ndf6 12. f3 {[%emt 0:04:41] [#]} Nxd2 $146 ({Predecessor:} 12... Ng5 13. Qa4+ Nd7 14. e4 O-O 15. Nf1 f4 16. h4 Nxf3+ 17. gxf3 Qxh4 18. Re2 Bc8 {0-1 (39) Altinok,K (1844)-Tum,H (1816) Canakkale 2015}) 13. Bxd2 O-O 14. c5 dxc5 15. dxc5 bxc5 16. Bc1 Qe7 17. Ba3 Rfd8 18. Rab1 Bc6 19. Bb5 Bxb5 20. Rxb5 Qd7 21. Rxc5 Rab8 22. Re2 h5 23. Bb4 Rb7 24. Rc4 Qd1+ 25. Kf2 Qxc2 26. Rxc2 Kf7 27. Ke2 Rd5 28. Rc6 Rd7 29. a3 Rb6 30. Rc5 Ne8 31. Rd2 Rbd6 32. Rd4 Rxd4 33. cxd4 Rd5 34. Rc6 Rb5 35. Kd3 Rb6 36. Rc5 Rb7 37. Kc3 Nd6 38. Kb3 Ke8 39. Kc3 Kd7 40. Kd3 Rb5 41. Rxb5 Nxb5 42. Kc4 Kc6 43. Bc5 a6 {[%emt 0:04:23] [#]} (43... Nd6+ $11 44. Kd3 a6) 44. Kb4 (44. h4 $1 $16) 44... Nd6 45. a4 g6 46. h4 Nb7 47. Kc4 Na5+ 48. Kb4 Nb7 49. e4 fxe4 50. fxe4 Kd7 51. Bf8 Kc6 52. Bc5 Kd7 53. Kc4 Na5+ 54. Kc3 Nb7 55. Bb4 Kc6 56. Kc4 Nd6+ 57. Kd3 (57. Bxd6 $5 cxd6 58. Kc3 $11) 57... Nf7 58. Ke3 Kd7 59. Kf4 c6 60. Ke3 Kc7 61. Kd3 Kb6 62. Kc4 Nd8 $2 (62... g5 $16) 63. d5 cxd5+ 64. exd5 Kb7 65. Be7 exd5+ 66. Kxd5 Nc6 67. Bc5 Na5 68. Ke6 Kc6 69. Bf2 Nc4 70. Kf6 Nd6 71. Kxg6 Ne4 72. Be1 Kd5 73. Kxh5 Ke6 74. g4 Nf6+ 75. Kg5 Kf7 76. h5 Nh7+ 77. Kf5 Nf6 78. h6 Nh7 79. g5 Kg8 80. Bb4 Kh8 81. g6 a5 82. Bc5 Kg8 83. gxh7+ Kh8 84. Bd4+ Kxh7 85. Kg5 1-0

[Event "4th Memorial Warakomska-B 2020"]
[Site "Suwalki"]
[Date "2020.08.08"]
[Round "3.5"]
[White "Kaminski, Maciej"]
[Black "Kotarski, Bartosz"]
[Result "1-0"]
[ECO "D85"]
[WhiteElo "1869"]
[BlackElo "1742"]
[Annotator "NA RC"]
[PlyCount "87"]
[EventDate "2020.08.06"]
[EventType "swiss"]
[EventCountry "POL"]
[SourceTitle "playchess.com"]
[Source "ChessBase"]
[SourceQuality "1"]
[TimeControl "40/5400+30:1800+30"]

1. d4 Nf6 2. c4 g6 3. Nc3 d5 4. cxd5 Nxd5 5. e4 Nxc3 6. bxc3 Bg7 7. Nf3 c5 8. Rb1 O-O 9. Be2 Nc6 10. d5 Ne5 11. Nxe5 Bxe5 12. Qd2 Qa5 13. Rb3 Bd7 14. f4 Bg7 15. c4 {[%emt 0:15:08] D85: Exchange Grünfeld: Unusual White 7th moves and lines with 7 Nf3.} Qc7 16. Bb2 Bxb2 17. Rxb2 {[%emt 0:00:29] [#]} f5 $146 (17... Rab8 $14) ({Predecessor:} 17... a6 18. O-O b5 19. cxb5 c4 20. b6 Qc5+ 21. Kh1 Bb5 22. Qc3 Rfb8 23. a4 Rxb6 24. axb5 axb5 {1-0 (41) Medina Ocampo,A (1949)-Arboleda Orozco,J (2087) Medellin 2018}) 18. e5 Rfd8 (18... Rab8 $16 19. O-O Bc8) 19. Bf3 Rab8 20. O-O b5 (20... Be8 {was called for.} 21. Qc3 b5 22. cxb5 c4) 21. d6 exd6 $2 (21... Qc8 22. dxe7 Re8 23. cxb5 c4) 22. Bd5+ (22. exd6 $142 Qc8 23. Re1) 22... Be6 23. Bxe6+ Kf8 24. exd6 Rxd6 25. Bd5 b4 26. Re1 Rdd8 27. Qf2 Re8 28. Rbe2 a5 29. Qh4 Qg7 30. Re5 a4 31. Qf2 Rxe5 32. fxe5 Qe7 33. e6 b3 34. Qf4 Rb6 35. axb3 axb3 36. Qe5 Kg8 37. Qc7 (37. Ra1 $142 Rb8 38. Qxb8+ {[%mdl 64] Double Attack} Kg7 {[#]} 39. Ra7 $1 Qxa7 40. Qxa7+ Kh6 41. Qxc5 Kg7 42. Qe7+ Kh6 43. Qf8+ Kg5 44. g3 h5 45. h4+ Kg4 46. Kg2 g5 47. Bf3#) 37... Qxc7 38. e7+ Kh8 39. e8=Q+ Kg7 40. Re7+ Kh6 41. Rxc7 b2 42. Qe3+ f4 43. Qxf4+ g5 44. Qf8+ 1-0

[Event "4th Memorial Warakomska-B 2020"]
[Site "Suwalki"]
[Date "2020.08.08"]
[Round "3.6"]
[White "Stefaniuk, Zbigniew"]
[Black "Zalega, Maciej"]
[Result "0-1"]
[ECO "B53"]
[WhiteElo "1538"]
[BlackElo "1743"]
[Annotator "NA RC"]
[PlyCount "90"]
[EventDate "2020.08.06"]
[EventType "swiss"]
[EventCountry "POL"]
[SourceTitle "playchess.com"]
[Source "ChessBase"]
[SourceQuality "1"]
[TimeControl "40/5400+30:1800+30"]

1. e4 c5 2. Nf3 d6 3. d4 cxd4 4. Qxd4 Nc6 5. Bb5 Bd7 6. Qd3 Rc8 7. Nc3 Nb4 8. Bxd7+ Qxd7 9. Qe2 g6 10. a3 Nc6 11. O-O Bg7 12. Rd1 Ne5 13. Nxe5 Bxe5 14. f4 Bxc3 15. bxc3 Qc6 16. Rb1 Nf6 17. e5 dxe5 18. Qxe5 O-O 19. f5 b6 20. Bh6 Rfe8 21. Rd3 Qc5+ 22. Qxc5 Rxc5 23. fxg6 fxg6 24. Rbd1 Kf7 25. Be3 Ra5 26. Rf1 Rf5 27. Rxf5 gxf5 28. Kf1 e5 29. a4 Ke6 30. Bc1 Rc8 31. Rh3 f4 32. Ke1 a5 33. c4 Rxc4 34. Rb3 Nd5 35. Rh3 Rxc2 36. Ba3 Rxg2 37. Rxh7 Ne3 38. Rh6+ Kf5 39. Rxb6 f3 40. Rb2 Nc2+ 41. Kf1 Nxa3 42. Rb3 e4 43. Rxa3 Rxh2 44. Rb3 Kf4 45. Rb5 Rh1+ 0-1

[Event "4th Memorial Warakomska-B 2020"]
[Site "Suwalki"]
[Date "2020.08.08"]
[Round "3.8"]
[White "Sapeta, Robert"]
[Black "Lukasik, Zuzanna"]
[Result "0-1"]
[ECO "B22"]
[WhiteElo "1895"]
[BlackElo "1553"]
[Annotator "NA RC"]
[PlyCount "92"]
[EventDate "2020.08.06"]
[EventType "swiss"]
[EventCountry "POL"]
[SourceTitle "playchess.com"]
[Source "ChessBase"]
[SourceQuality "1"]
[TimeControl "40/5400+30:1800+30"]

1. e4 c5 2. c3 d5 3. d3 e6 4. Nd2 Nc6 5. Ngf3 Bd6 6. Qe2 {[%emt 0:01:08] [#] B40: Sicilian: 2...e6, Unusual lines.} d4 $146 ({Predecessor:} 6... Nge7 7. g3 O-O 8. Bg2 a5 9. O-O b6 10. a4 Ba6 11. Rd1 Qd7 12. Nb1 dxe4 13. Qxe4 {½-½ (52) Fries Nielsen,J (2371)-Grivas,E (2413) Aarhus 2019}) 7. Nc4 b5 8. Nxd6+ Qxd6 9. e5 Qc7 10. cxd4 cxd4 11. Bd2 Bb7 12. Rc1 Qd7 13. g3 Nge7 14. Bg2 h6 15. Rc5 a6 16. O-O O-O 17. Qe4 Rfd8 18. Qh4 Ng6 19. Qh5 (19. Qg4 $11) 19... Nce7 20. Rfc1 Rac8 21. Qg4 Bxf3 (21... Rxc5 $15 22. Rxc5 Bd5) 22. Bxf3 Rxc5 23. Rxc5 Rc8 (23... Qa7 $11 24. b4 Qb8) 24. Rxc8+ Nxc8 25. Qe4 Qc7 26. Qb7 Qc2 27. Bc3 Nce7 28. Bxd4 Qxd3 29. Qe4 Qc4 30. b3 Qc1+ 31. Kg2 Nd5 32. h4 Qd2 33. h5 Nge7 34. Bc5 Nc6 35. a4 Qc3 {[%emt 0:00:45] Double Attack} 36. axb5 axb5 ({Reject} 36... Nxe5 $6 37. bxa6 Nxf3 38. a7 $16) 37. Bd6 Qxb3 38. Qh4 $2 (38. Be2 $11 {and White is okay.}) 38... Qc4 39. Qh1 b4 40. Qa1 b3 41. Qa8+ Kh7 42. Qe8 (42. Qb7 $142 Qc2 43. Qxf7) 42... b2 43. Qxf7 $19 b1=Q 44. Bf8 Qcf1+ 45. Kh2 Qxf2+ 46. Kh3 Qf5+ 0-1

[Event "4th Memorial Warakomska-B 2020"]
[Site "Suwalki"]
[Date "2020.08.08"]
[Round "3.9"]
[White "Cwiek, Ryszard"]
[Black "Sapinski, Sebastian"]
[Result "1-0"]
[ECO "C03"]
[WhiteElo "1867"]
[BlackElo "1603"]
[Annotator "NA RC"]
[PlyCount "139"]
[EventDate "2020.08.06"]
[EventType "swiss"]
[EventCountry "POL"]
[SourceTitle "playchess.com"]
[Source "ChessBase"]
[SourceQuality "1"]
[TimeControl "40/5400+30:1800+30"]

1. e4 e6 2. d4 d5 3. Nd2 dxe4 4. Nxe4 Bd7 5. Bd3 Bc6 6. Ne2 {[%emt 0:01:07] C10: French with 3 Nc3: Unusual Black 3rd moves and 3...dxe4.} Bxe4 7. Bxe4 c6 8. g3 Nf6 9. Bg2 Nbd7 10. O-O Qc7 11. a4 {[%emt 0:04:19] [#]} Rd8 $146 ({Predecessor:} 11... Be7 12. Bf4 Bd6 13. b4 Nd5 14. Bxd6 Qxd6 15. b5 O-O 16. c4 N5f6 17. Qb3 Rac8 {1-0 (52) Ossolinski,Z (1738)-Sapinski,S (1371) Szczyrk 2017}) 12. c3 Bd6 13. b4 e5 14. Qb3 O-O 15. Be3 b6 16. Qc4 Rc8 17. Rfd1 Rfe8 18. d5 (18. Qb3 $14) 18... cxd5 19. Qxc7 Bxc7 20. Bxd5 Nxd5 21. Rxd5 Nf6 22. Rdd1 Red8 23. c4 Ng4 24. c5 (24. Rac1 $11) 24... Nxe3 25. fxe3 bxc5 26. bxc5 Ba5 27. Rxd8+ Rxd8 (27... Bxd8 $17 28. Rc1 Rc6) 28. Kf2 Rc8 29. Rb1 f5 30. Rb5 Bc7 31. Nc1 Kf7 32. e4 g6 33. Nb3 Ke6 34. Rb7 a5 35. Ke3 f4+ 36. gxf4 exf4+ 37. Kf3 Ke5 38. Rb5 Rd8 39. c6+ Kf6 40. Ke2 Re8 41. Kf3 ({White should play} 41. Nc5 $1 $14) 41... Rd8 {[%emt 0:04:45] [#]} 42. Nc5 $1 ({Of course not} 42. Nxa5 Rd3+ 43. Kg2 Rd4 $15) 42... Rd6 ({Black should play} 42... h6) 43. e5+ $1 {[%emt 0:03:14] Decoy} Kxe5 44. Na6+ Kd4 45. Nxc7 Rxc6 {[%emt 0:00:04] [#]} 46. Na8 $1 Rc2 47. Kxf4 Rxh2 48. Rxa5 Rf2+ 49. Kg5 Rf5+ 50. Rxf5 gxf5 51. Nb6 Kc5 52. a5 Kb5 53. Nc4 Ka6 54. Kxf5 Kb5 55. Kg5 Ka6 56. Kh6 Kb5 57. Kxh7 Ka6 58. Kg6 Kb5 59. Kf5 Ka6 60. Ke6 Ka7 61. Kd5 Kb7 62. Kc5 Ka6 63. Kb4 Kb7 64. Kb5 Ka7 65. a6 Ka8 66. Kb6 Kb8 67. Na3 Ka8 68. Nb5 Kb8 69. a7+ Ka8 70. Nc7# 1-0

[Event "4th Memorial Warakomska-B 2020"]
[Site "Suwalki"]
[Date "2020.08.08"]
[Round "3.10"]
[White "Pieczulis, Hubert"]
[Black "Czech, Mieczyslaw"]
[Result "0-1"]
[ECO "A04"]
[WhiteElo "1486"]
[BlackElo "1863"]
[Annotator "NA RC"]
[PlyCount "96"]
[EventDate "2020.08.06"]
[EventType "swiss"]
[EventCountry "POL"]
[SourceTitle "playchess.com"]
[Source "ChessBase"]
[SourceQuality "1"]
[TimeControl "40/5400+30:1800+30"]

1. Nf3 c5 2. e3 Nf6 3. d4 cxd4 4. exd4 g6 5. c3 Bg7 6. Bc4 {[%emt 0:01:50] A46: 1 d4 Nf6 2 Nf3 e6: Torre, London and Colle Systems.} O-O 7. O-O d5 8. Bd3 Nc6 9. Nbd2 Re8 10. Re1 {[%emt 0:00:46] [#]} e6 $146 ({Predecessor:} 10... Nh5 11. Nf1 Qd6 12. Ng3 Nxg3 13. hxg3 Bg4 14. Be3 Rac8 15. Qa4 Bd7 16. Bf4 Qf6 17. Qb3 Nd8 18. Qxd5 h6 19. Qxd7 {1-0 (19) Kaptsan,A (2170)-Rasmussen,B (2240) Winnipeg 1999}) 11. Ne5 Nd7 12. f4 Nf8 13. Ndf3 f6 14. Nxc6 bxc6 15. Qc2 Bd7 16. b4 a5 17. Ba3 (17. Bd2 $14) 17... a4 (17... Qc7 $11) 18. Bb2 Qb6 19. Kh1 a3 20. Bc1 Kf7 (20... Bc8 $14) 21. Qb3 Qa7 22. Qd1 Qb6 $1 $11 23. Qb3 (23. Rb1 $16) 23... Qa7 $1 24. Qd1 (24. c4 $16) 24... Qc7 25. g3 e5 ({Black should play} 25... Kg8 $14) 26. fxe5 fxe5 27. Ng5+ ({White should play} 27. Nxe5+ $16 Kg8 28. Bf4) 27... Kg8 28. dxe5 $1 Bxe5 29. Bd2 Rad8 30. Qf3 Re7 {[%emt 0:12:14] [#]} (30... Bc8 $14) 31. Bf4 $1 Be8 $2 {[%emt 0:03:58] [#]} (31... Rde8 $16) 32. Bxe5 $2 (32. Rxe5 $1 $18 Rxe5 33. Rf1) 32... Rxe5 33. Rf1 (33. Kg2 $16) 33... Qe7 34. Nh3 (34. Qf4 $1 $11) 34... Re3 35. Qd1 Bd7 $2 ({Black should try} 35... d4 $19 36. Qb3+ Kh8) 36. Nf4 Re8 37. Ng2 Re5 38. Re1 (38. Qa4 $11 {keeps the balance.}) 38... Bh3 39. Rxe5 Bxg2+ (39... Qxe5 $17 40. Nf4 Bd7) 40. Kxg2 Qxe5 41. Qc1 Nd7 42. c4 $2 (42. Qd2 $15) 42... Qd4 43. Bf1 Ne5 44. cxd5 cxd5 (44... Qe4+ $142 45. Kh3 Nf3) 45. Rb1 Qe4+ 46. Kg1 Nf3+ 47. Kf2 $19 Nxh2 48. b5 Rf8+ 0-1

[Event "4th Memorial Warakomska-B 2020"]
[Site "Suwalki"]
[Date "2020.08.08"]
[Round "3.11"]
[White "Milanowski, Jan"]
[Black "Kolcon, Waclaw"]
[Result "1-0"]
[ECO "B21"]
[WhiteElo "1787"]
[BlackElo "1235"]
[Annotator "NA RC"]
[PlyCount "59"]
[EventDate "2020.08.06"]
[EventType "swiss"]
[EventCountry "POL"]
[SourceTitle "playchess.com"]
[Source "ChessBase"]
[SourceQuality "1"]
[TimeControl "40/5400+30:1800+30"]

1. e4 c5 2. f4 g6 3. Nf3 Bg7 4. c3 d6 5. d3 e6 6. Be2 Ne7 7. Nbd2 Nbc6 8. O-O O-O 9. a4 b6 10. Qc2 Bb7 11. g4 Qd7 12. Rf2 d5 13. Nf1 f5 14. gxf5 exf5 15. e5 Nd8 16. d4 Ne6 17. Ng5 c4 18. Nxe6 Qxe6 19. Bf3 a6 20. Ne3 b5 21. b3 Bc6 22. Ba3 Rfe8 23. Bxe7 Rxe7 24. axb5 axb5 25. Rxa8+ Bxa8 26. bxc4 bxc4 27. Nxc4 Ra7 28. Ne3 Bf8 29. Qb3 Ra3 30. Bxd5 1-0

[Event "4th Memorial Warakomska-B 2020"]
[Site "Suwalki"]
[Date "2020.08.08"]
[Round "3.12"]
[White "Borowik, Wojciech"]
[Black "Towarnicka, Izabela"]
[Result "1-0"]
[ECO "D37"]
[WhiteElo "1769"]
[BlackElo "1397"]
[Annotator "NA RC"]
[PlyCount "95"]
[EventDate "2020.08.06"]
[EventType "swiss"]
[EventCountry "POL"]
[SourceTitle "playchess.com"]
[Source "ChessBase"]
[SourceQuality "1"]
[TimeControl "40/5400+30:1800+30"]

1. d4 d5 2. Nf3 Nf6 3. c4 e6 4. Nc3 Nc6 5. Bg5 Be7 6. e3 Ne4 7. Bxe7 Qxe7 8. Nxe4 dxe4 9. Nd2 f5 10. a3 O-O 11. Qc2 b6 12. Be2 Bb7 13. b4 Qg5 14. g3 Rac8 15. b5 Ne7 16. c5 c6 17. a4 Qf6 18. O-O e5 19. Qb3+ Kh8 20. Nc4 exd4 21. exd4 Nd5 22. Nd6 Rc7 23. Nxb7 Rxb7 24. bxc6 Qxc6 25. Bb5 Qe6 26. Bc4 Rd8 27. Rab1 Qc6 28. a5 Nf6 29. Bb5 Qc7 30. cxb6 axb6 31. a6 Ra7 32. Rbc1 Qd6 33. Kg2 Rb8 34. Rfd1 f4 35. Rc6 f3+ 36. Kg1 Qd8 37. Rdc1 h6 38. Qe6 Qxd4 39. Rc8+ Rxc8 40. Qxc8+ Kh7 41. h3 Qb2 42. Bf1 Nd7 43. Rc7 Rxc7 44. Qxc7 Nc5 45. a7 e3 46. fxe3 Nd3 47. Bxd3+ Kg8 48. a8=R# 1-0